[Event "Early Titled Tuesday Blitz | February 8 2022"]
[White "Kosakowski, Jakub"]
[Black "Kiolbasa, Oliwia"]
[WhiteFideId "1185080"]
[BlackFideId "1154613"]
[WhiteElo "2476"]
[BlackElo "2190"]
[Result "1/2-1/2"]
[Round "01"]
[TimeControl "180+1"]
[Date "2022.02.08"]
[WhiteClock "0:00:36"]
[BlackClock "0:00:06"]

1. e4 e5 2. Nf3 Nc6 3. Bb5 a6 4. Ba4 Nf6 5. O-O Be7 6. Re1 b5 7. Bb3 d6 8. c3 O-O 9. h3 Bb7 10. d4 Re8 11. Nbd2 Bf8 12. a4 exd4 13. cxd4 h6 14. Bc2 Nb4 15. Bb1 c5 16. d5 c4 17. Ra3 Nd7 18. Nd4 Nc5 19. Ree3 Nbd3 20. Bxd3 Nxd3 21. axb5 axb5 22. Rxa8 Qxa8 23. Nxb5 Qa1 24. Nxc4 Qxc1 25. Qxc1 Nxc1 26. Nbxd6 Rb8 27. Nxb7 Rxb7 28. e5 Bc5 29. Rf3 Rb4 30. Na5 Rxb2 31. d6 Rd2 32. Nc4 Rd4 33. Ne3 Nd3 34. Nf5 Nxe5 35. Nxd4 Nxf3+ 36. Nxf3 Bxd6 37. Kf1 g6 38. Ke2 h5 39. Nd4 Kg7 40. Kf3 Bc5 41. Ne2 Bd6 42. Nc3 Bc5 43. Ne4 Bd4 44. g3 Bb6 45. Ke2 Bd4 46. f4 Bb6 47. Kf3 Bd4 48. g4 hxg4+ 49. hxg4 Bb6 50. Nc3 Bd4 51. Nd5 Bc5 52. Ke4 Bd6 53. f5 gxf5+ 54. Kxf5 Bb8 55. Nf6 Ba7 56. Ne8+ Kf8 57. Nd6 Bd4 58. g5 Bc3 59. Ne4 Bd4 60. Kg4 Kg7 61. Ng3 Bb2 62. Kh5 Ba1 63. Nf5+ Kh7 64. Nd6 Kg7 65. Ne8+ Kh7 66. Nf6+ Kg7 67. Ng4 Kh7 68. Ne3 Kg7 69. Nf5+ Kh7 70. Kg4 Kg6 71. Nh4+ Kg7 72. Kf5 Bb2 73. Nf3 Ba1 74. Nd2 Bb2 75. Ne4 Ba1 76. Nd6 Bb2 77. Ne8+ Kf8 78. Nf6 Kg7 79. Ne8+ Kf8 80. Nd6 Kg7 81. Nxf7 Kxf7 82. g6+ Kg7 83. Ke6 Kxg6 1/2-1/2


[Site "https://www.chess.com"]

[Event "Early Titled Tuesday Blitz | February 8 2022"]
[White "Kovalev, Vladislav"]
[Black "Bambino Filho, Antonio Carlos"]
[WhiteFideId "13504398"]
[BlackFideId "2113163"]
[WhiteElo "2530"]
[BlackElo "2433"]
[Result "0-1"]
[Round "01"]
[TimeControl "180+1"]
[Date "2022.02.08"]
[WhiteClock "0:00:25"]
[BlackClock "0:00:13"]

1. e4 c5 2. Nf3 d6 3. d4 cxd4 4. Nxd4 Nf6 5. Nc3 a6 6. Rg1 e5 7. Nde2 Be6 8. Bg5 Nbd7 9. f4 exf4 10. Nxf4 Be7 11. Nxe6 fxe6 12. Bc4 Nc5 13. a3 Qb6 14. Be3 Qxb2 15. Bd4 Qb6 16. Qe2 O-O 17. Bxe6+ Kh8 18. g4 Qa5 19. Ba2 Nfxe4 20. Qc4 Bh4+ 21. Kd1 Rac8 22. Qb4 Qxb4 23. axb4 Nxc3+ 24. Bxc3 Ne4 25. Bd4 Bf2 26. Bxf2 Rxf2 27. Bb3 Nc3+ 28. Kc1 Ne2+ 29. Kb2 Nxg1 30. Rxg1 Rxh2 31. Re1 g6 32. Re7 Rb8 33. Bd5 b6 34. Rd7 Rh4 35. Be6 h5 36. gxh5 gxh5 37. Kb3 a5 38. c3 axb4 39. cxb4 Rd4 40. Bf5 h4 41. Kc3 Rf4 42. Bd3 Rc8+ 43. Kb2 Rxb4+ 44. Ka3 Rf4 45. Bg6 Rc3+ 46. Kb2 Rg3 47. Bc2 Rf2 48. Rh7+ Kg8 49. Rxh4 Rgg2 50. Rc4 Rxc2+ 51. Rxc2 Rxc2+ 52. Kxc2 Kf7 0-1


[Site "https://www.chess.com"]

[Event "Early Titled Tuesday Blitz | February 8 2022"]
[White "Kovanova, Baira"]
[Black "Jobava, Baadur"]
[WhiteFideId "4164083"]
[BlackFideId "13601520"]
[WhiteElo "2190"]
[BlackElo "2617"]
[Result "0-1"]
[Round "01"]
[TimeControl "180+1"]
[Date "2022.02.08"]
[WhiteClock "0:00:03"]
[BlackClock "0:01:18"]

1. e4 c6 2. d3 d5 3. Nf3 Bg4 4. h3 Bxf3 5. Qxf3 e6 6. g3 Nd7 7. Bg2 h5 8. O-O h4 9. Nc3 Bd6 10. d4 Ne7 11. e5 Bc7 12. g4 c5 13. Nb5 cxd4 14. Bf4 Ng6 15. Nxc7+ Qxc7 16. Bh2 Ndxe5 17. Qe2 Qc4 18. Rfe1 Qxe2 19. Rxe2 Nc6 20. Bxd5 O-O-O 21. Be4 Nge7 22. Rd1 Rd7 23. a3 Nd5 24. Rd3 g5 25. Red2 Rhd8 26. Kf1 Nde7 27. Ke2 e5 28. c3 f6 29. c4 a5 30. Rc2 a4 31. c5 Kc7 32. Rc4 Ra8 33. Rd2 Nd5 34. Kd3 Nf4+ 35. Bxf4 gxf4 36. Bf5 Rdd8 37. f3 Ra5 38. Be4 Rda8 39. Bxc6 Kxc6 40. Ke4 Rxc5 41. Rxc5+ Kxc5 42. Kf5 Ra6 43. Rc2+ Kd5 44. Rc8 d3 45. Rd8+ Rd6 0-1


[Site "https://www.chess.com"]

[Event "Early Titled Tuesday Blitz | February 8 2022"]
[White "Kravtsiv, Martyn"]
[Black "Pesotskiy, Mikhail"]
[WhiteFideId "14113147"]
[BlackFideId "34164453"]
[WhiteElo "2694"]
[BlackElo "2010"]
[Result "1-0"]
[Round "01"]
[TimeControl "180+1"]
[Date "2022.02.08"]
[WhiteClock "0:00:23"]
[BlackClock "0:00:39"]

1. e4 e6 2. d4 d5 3. Nc3 Bb4 4. e5 c5 5. a3 Bxc3+ 6. bxc3 Qa5 7. Bd2 Qa4 8. Qg4 Kf8 9. O-O-O Qxa3+ 10. Kb1 Nc6 11. Nf3 Nge7 12. h4 Bd7 13. Rh3 cxd4 14. Ng5 dxc3 15. Rxc3 Nxe5 16. Qd4 Qd6 17. Bf4 N7c6 18. Rxc6 Qxc6 19. Bxe5 f6 20. Bxf6 gxf6 21. Qxf6+ Ke8 22. Qxh8+ Ke7 23. Qxh7+ Kd6 24. Qd3 Rc8 25. Nf7+ Ke7 26. Ne5 Qb6+ 27. Qb3 Qa5 28. Nxd7 Kxd7 1-0


[Site "https://www.chess.com"]

[Event "Early Titled Tuesday Blitz | February 8 2022"]
[White "Kukula, Pawel"]
[Black "Wagner, Dennis"]
[WhiteFideId "1115081"]
[BlackFideId "24650684"]
[WhiteElo "2203"]
[BlackElo "2355"]
[Result "1-0"]
[Round "01"]
[TimeControl "180+1"]
[Date "2022.02.08"]
[WhiteClock "0:00:37"]
[BlackClock "0:00:02"]

1. d4 Nf6 2. Nf3 g6 3. Nbd2 Bg7 4. e4 O-O 5. Bd3 d6 6. c3 c5 7. d5 e6 8. dxe6 Bxe6 9. Qe2 Nc6 10. O-O d5 11. exd5 Nxd5 12. Ne4 Bg4 13. Bg5 Qb6 14. h3 Bxf3 15. Qxf3 Ne5 16. Qe2 h6 17. Bc1 f5 18. Bc4 Rad8 19. Ng3 f4 20. Bxd5+ Rxd5 21. Qe4 Rd7 22. Bxf4 Nd3 23. Be3 Qc6 24. Qxc6 bxc6 25. b3 a5 26. Rad1 Bxc3 27. Bxh6 Rfd8 28. Bg5 Re8 29. Be3 c4 30. bxc4 a4 31. c5 Kg7 32. Bd2 1-0


[Site "https://www.chess.com"]

[Event "Early Titled Tuesday Blitz | February 8 2022"]
[White "Lagunov, Evgenij"]
[Black "Kucuksari, Kaan"]
[WhiteFideId "4125363"]
[BlackFideId "6380166"]
[WhiteElo "2200"]
[BlackElo "2305"]
[Result "0-1"]
[Round "01"]
[TimeControl "180+1"]
[Date "2022.02.08"]
[WhiteClock "0:00:56"]
[BlackClock "0:01:25"]

1. e4 c5 2. Nf3 d6 3. d4 cxd4 4. Nxd4 Nf6 5. Nc3 a6 6. Be3 e5 7. Nb3 Be6 8. h3 Nc6 9. g4 d5 10. exd5 Nxd5 11. Nxd5 Bxd5 12. Rg1 Be7 13. Qd2 Bxb3 14. axb3 Qxd2+ 15. Bxd2 Nd4 16. O-O-O Rc8 17. Bc3 Bc5 18. Kb1 O-O 19. f4 Nxc2 20. Rg3 Ne3 21. Rxe3 Bxe3 22. Bxe5 f6 23. Bc4+ Rxc4 24. bxc4 fxe5 25. f5 Bd4 0-1


[Site "https://www.chess.com"]

[Event "Early Titled Tuesday Blitz | February 8 2022"]
[White "Lauridsen, Jesper Morch"]
[Black "Atakhan, Abtin"]
[WhiteFideId "1401890"]
[BlackFideId "22502203"]
[WhiteElo "2225"]
[BlackElo "2119"]
[Result "0-1"]
[Round "01"]
[TimeControl "180+1"]
[Date "2022.02.08"]
[WhiteClock "0:00:01"]
[BlackClock "0:00:19"]

1. e4 c6 2. d4 d5 3. exd5 cxd5 4. c4 Nf6 5. Nc3 Nc6 6. Nf3 a6 7. cxd5 Nxd5 8. Bc4 Be6 9. Bb3 Na5 10. Ng5 Qd7 11. O-O Nxb3 12. axb3 Bg4 13. f3 Bf5 14. Re1 e6 15. Re5 Bd6 16. Rxf5 Nxc3 17. Qe1 O-O 18. Rf6 Nd5 19. Rh6 gxh6 20. Ne4 Bf4 21. Bxf4 f6 22. Bxh6 Rf7 23. Qg3+ Kh8 0-1


[Site "https://www.chess.com"]

[Event "Early Titled Tuesday Blitz | February 8 2022"]
[White "Le Ruyet, Leopold"]
[Black "Dew, Brian"]
[WhiteFideId "645923"]
[BlackFideId "6000495"]
[WhiteElo "2276"]
[BlackElo "2118"]
[Result "1-0"]
[Round "01"]
[TimeControl "180+1"]
[Date "2022.02.08"]
[WhiteClock "0:00:14"]
[BlackClock "0:00:01"]

1. d4 b6 2. c4 Bb7 3. Nc3 Nf6 4. f3 e6 5. a3 c5 6. d5 exd5 7. cxd5 d6 8. e4 g6 9. Nge2 Bg7 10. Be3 O-O 11. Qd2 Re8 12. Ng3 a6 13. a4 Nbd7 14. h4 h5 15. Bg5 Qc7 16. Bd3 Nxd5 17. Nxd5 Bxd5 18. O-O Bb7 19. f4 f6 20. f5 fxg5 21. fxg6 Qd8 22. Nxh5 Bd4+ 23. Kh2 Qe7 24. hxg5 Qe5+ 25. g3 Qh8 26. g4 Ne5 27. Kg3 Nxg6 28. Rf6 Bxf6 29. Bc4+ Kf8 30. Qxd6+ Re7 31. gxf6 Ke8 32. fxe7 Qe5+ 33. Qxe5 Nxe5 34. Bd5 Bxd5 35. Nf6+ Kxe7 36. Nxd5+ Kd6 37. Rf1 Rg8 38. Rf6+ Kd7 39. Rf5 1-0


[Site "https://www.chess.com"]

[Event "Early Titled Tuesday Blitz | February 8 2022"]
[White "Lewicki, Miroslaw"]
[Black "Lenderman, Aleksandr"]
[WhiteFideId "1113380"]
[BlackFideId "2021285"]
[WhiteElo "2283"]
[BlackElo "2651"]
[Result "0-1"]
[Round "01"]
[TimeControl "180+1"]
[Date "2022.02.08"]
[WhiteClock "0:00:20"]
[BlackClock "0:01:14"]

1. g3 d5 2. Bg2 e5 3. d3 Nc6 4. Nf3 f6 5. O-O Be6 6. b3 Qd7 7. Bb2 Bc5 8. c4 Nge7 9. Nc3 O-O 10. cxd5 Nxd5 11. Rc1 Nxc3 12. Rxc3 Bb6 13. Qc1 Rad8 14. a3 Bd5 15. b4 Bxf3 16. exf3 Nd4 17. Re1 Rfe8 18. Kf1 Qf5 19. f4 c6 20. fxe5 Nf3 21. Re4 Nxh2+ 22. Kg1 Ng4 23. Rf4 Bxf2+ 24. Kf1 Qxe5 25. Be4 Be3 26. Qd1 Bxf4 27. Qxg4 f5 0-1


[Site "https://www.chess.com"]

[Event "Early Titled Tuesday Blitz | February 8 2022"]
[White "Lodici, Lorenzo"]
[Black "Shton, Roman"]
[WhiteFideId "884189"]
[BlackFideId "14137461"]
[WhiteElo "2265"]
[BlackElo "2038"]
[Result "1-0"]
[Round "01"]
[TimeControl "180+1"]
[Date "2022.02.08"]
[WhiteClock "0:02:17"]
[BlackClock "0:02:25"]

1. e4 Nf6 2. e5 Nd5 3. d4 d6 4. f4 dxe5 5. fxe5 c5 6. c4 Nc7 7. d5 g6 8. Bf4 Bg7 9. Qd2 Nd7 10. Nf3 Nb6 11. Nc3 Bg4 12. O-O-O Nd7 13. Qe3 Na6 14. h3 Bxf3 15. gxf3 Qc7 16. e6 Ne5 17. exf7+ Kxf7 18. Re1 1-0


[Site "https://www.chess.com"]

[Event "Early Titled Tuesday Blitz | February 8 2022"]
[White "Lopez Mulet, Inigo"]
[Black "Dovbnia, Nikita"]
[WhiteFideId "22235620"]
[BlackFideId "54104599"]
[WhiteElo "2315"]
[BlackElo "2111"]
[Result "1-0"]
[Round "01"]
[TimeControl "180+1"]
[Date "2022.02.08"]
[WhiteClock "0:02:08"]
[BlackClock "0:00:17"]

1. d4 Nf6 2. Nf3 c5 3. d5 d6 4. Nc3 g6 5. e4 Bg7 6. Nd2 e6 7. Bb5+ Bd7 8. dxe6 fxe6 9. Nc4 O-O 10. Bxd7 Nbxd7 11. Qxd6 Re8 12. Bg5 b5 13. Nxb5 Nxe4 14. Bxd8 Nxd6 15. Nbxd6 Rexd8 16. O-O-O Ne5 17. c3 Rf8 18. f3 Rab8 19. Rhe1 Nxc4 20. Nxc4 Rfe8 21. Rd7 Rbd8 22. Rxa7 Bh6+ 23. Kc2 Rd3 24. Kxd3 Rd8+ 25. Ke4 Rc8 26. Ke5 1-0


[Site "https://www.chess.com"]

[Event "Early Titled Tuesday Blitz | February 8 2022"]
[White "Loy, Konstantin"]
[Black "Kopylov, Alexander A."]
[WhiteFideId "14122499"]
[BlackFideId "4164857"]
[WhiteElo "2084"]
[BlackElo "2436"]
[Result "1/2-1/2"]
[Round "01"]
[TimeControl "180+1"]
[Date "2022.02.08"]
[WhiteClock "0:00:03"]
[BlackClock "0:00:53"]

1. e4 c6 2. d4 d5 3. exd5 cxd5 4. c4 Nf6 5. Nc3 g6 6. cxd5 Bg7 7. Bc4 O-O 8. Nge2 Bg4 9. h3 Bxe2 10. Qxe2 Nbd7 11. Qf3 Ne8 12. O-O Nd6 13. Bb3 Nf5 14. Be3 Nxd4 15. Bxd4 Bxd4 16. Rad1 Bg7 17. d6 Nc5 18. dxe7 Qxe7 19. Rfe1 Qf6 20. Qxf6 Bxf6 21. Ne4 Nxe4 22. Rxe4 Rad8 23. Rxd8 Rxd8 24. Re2 Rc8 25. g3 Kf8 26. Kg2 Rc1 27. Bd5 b6 28. b3 Bd4 29. a4 Bc5 30. Bc4 Rc3 31. h4 h5 32. Rd2 Ke7 33. Re2+ Kf6 34. Rd2 a6 35. Rd7 b5 36. axb5 axb5 37. Rxf7+ Ke5 38. Bxb5 Rxb3 39. Be8 Rb2 40. Rf3 Rb6 41. Bd7 Bd4 42. Be8 Re6 43. Bd7 Re7 44. Bb5 Rc7 45. Bd3 Rc6 46. Bb1 Ba7 47. Bd3 Kd4 48. Bb1 Re6 49. Ba2 Rb6 50. Bf7 Ke5 51. Be8 Rd6 52. Ba4 Rd4 53. Bb3 g5 54. hxg5 Rg4 55. Rf4 Rxg5 56. Rh4 Rf5 57. f4+ Kd4 58. Bd1 Ke3 59. Rxh5 Rf6 60. Re5+ Kd2 61. Rd5+ Ke3 62. Re5+ Kd4 63. Bh5 Bb8 64. Rg5 Rb6 65. Kf3 Rb3+ 66. Kg4 Ke3 67. Rg6 Kf2 68. Kf5 Rb5+ 69. Kg4 Rc5 70. Rg8 Bd6 71. Be8 Rc3 72. Kf5 Rc5+ 73. Ke6 Bb8 74. f5 Re5+ 75. Kd7 Rxf5 76. Rg7 Rd5+ 77. Kc6 Rd6+ 78. Kb7 Rd8 79. Rf7+ Kxg3 80. Bc6 Be5 81. Rd7 Rh8 82. Rd5 Kf4 83. Kb6 Rb8+ 84. Bb7 Kf5 85. Rd7 Ke6 86. Rd3 Bd6 87. Re3+ Kd7 88. Rd3 Rh8 89. Kb5 Rh5+ 90. Kc4 Rc5+ 91. Kd4 Rb5 92. Bd5 Bc5+ 93. Ke4 Rb4+ 94. Kf3 Bd6 95. Be4 Ke6 96. Bd5+ Ke5 97. Bg8 Rf4+ 98. Ke2 Bc5 99. Rd5+ Ke4 100. Rxc5 Rf8 101. Bb3 Kd4 102. Rd5+ Ke4 103. Rb5 Kd4 104. Rb6 Kc5 105. Rb7 Re8+ 106. Kd3 Rd8+ 107. Kc3 Rh8 108. Rf7 Rh3+ 109. Kb2 Kb4 110. Rf4+ Kc5 111. Ka3 Rg3 112. Rf5+ Kd4 113. Kb4 Rg7 114. Rd5+ Ke4 115. Bc4 Rg1 116. Kc5 Rg7 117. Rd6 Rc7+ 118. Kb4 Rc8 119. Kc3 Re8 120. Rd1 Re5 121. Re1+ Kf4 122. Rf1+ Ke3 123. Re1+ Kf4 124. Rh1 Ke3 125. Rh3+ Ke4 126. Bd3+ Kd5 127. Rh7 Kc5 128. Ra7 Kd5 129. Ra5+ Kd6 130. Ra6+ Kc5 131. Ra7 Kd5 132. Ra8 Kc5 133. Rc8+ Kd5 134. Rc7 Kd6 135. Rc4 Rc5 136. Rxc5 Kxc5 1/2-1/2


[Site "https://www.chess.com"]

[Event "Early Titled Tuesday Blitz | February 8 2022"]
[White "Maevsky, Nikolay"]
[Black "Miszler, Levente"]
[WhiteFideId "4198220"]
[BlackFideId "763276"]
[WhiteElo "2104"]
[BlackElo "1966"]
[Result "1-0"]
[Round "01"]
[TimeControl "180+1"]
[Date "2022.02.08"]
[WhiteClock "0:01:03"]
[BlackClock "0:01:51"]

1. d4 e6 2. Nf3 d5 3. e3 c5 4. b3 Nc6 5. Bb2 Nf6 6. Bd3 Bd6 7. Nbd2 O-O 8. O-O b6 9. Ne5 Bb7 10. a3 Qc7 11. f4 Nd7 12. Rf3 f6 13. Bxh7+ Kxh7 14. Rh3+ Kg8 15. Qh5 fxe5 16. fxe5 Bxe5 17. dxe5 Ncxe5 18. Qh7+ Kf7 19. Rf1+ Nf6 20. Rg3 Rg8 21. Qh5+ Ke7 22. Qxe5 Qxe5 23. Bxe5 Raf8 24. Rg6 Rf7 25. Bxf6+ Rxf6 26. Rfxf6 1-0


[Site "https://www.chess.com"]

[Event "Early Titled Tuesday Blitz | February 8 2022"]
[White "Makarian, Rudik"]
[Black "Lehtosaari, Mauri"]
[WhiteFideId "44105681"]
[BlackFideId "501999"]
[WhiteElo "2486"]
[BlackElo "2471"]
[Result "1-0"]
[Round "01"]
[TimeControl "180+1"]
[Date "2022.02.08"]
[WhiteClock "0:01:15"]
[BlackClock "0:00:20"]

1. d3 d5 2. f4 g6 3. g3 Bg7 4. Bg2 Nh6 5. Nf3 O-O 6. O-O c5 7. e4 dxe4 8. dxe4 Nc6 9. c3 b6 10. Qe2 Bb7 11. h3 Qc7 12. g4 f6 13. Na3 a6 14. Be3 Nf7 15. Rad1 Rad8 16. h4 Nh6 17. Bh3 Bc8 18. f5 Nf7 19. Qh2 Qxh2+ 20. Kxh2 Nfe5 21. Nxe5 Nxe5 22. Kg3 Nd3 23. b3 e6 24. fxg6 hxg6 25. Rd2 Ne5 26. Rfd1 Rxd2 27. Rxd2 Bb7 28. Bg2 f5 29. exf5 exf5 30. Bxb7 Nxg4 31. Bf4 Re8 32. Nc4 Bxc3 33. Rd7 Be1+ 34. Kg2 Re2+ 35. Kf1 Re8 36. Bd5+ Kf8 37. Rf7+ Kg8 38. Re7+ Kf8 1-0


[Site "https://www.chess.com"]

[Event "Early Titled Tuesday Blitz | February 8 2022"]
[White "Maksimenko, Viktor"]
[Black "Berdychevskaya, Natasha"]
[WhiteFideId "13710478"]
[BlackFideId "4159322"]
[WhiteElo "2269"]
[BlackElo "1780"]
[Result "1-0"]
[Round "01"]
[TimeControl "180+1"]
[Date "2022.02.08"]
[WhiteClock "0:01:44"]
[BlackClock "0:01:13"]

1. d4 d5 2. c4 dxc4 3. Nf3 a6 4. e3 Bg4 5. Bxc4 e6 6. h3 Bh5 7. O-O Nc6 8. Nbd2 Nf6 9. b3 Bd6 10. Bb2 O-O 11. Be2 Qe8 12. Nc4 Rd8 13. Rc1 e5 14. Nfxe5 Bxe2 15. Qxe2 Bxe5 16. Nxe5 Nxe5 17. dxe5 Nd5 18. Rfd1 Qe6 19. Rc4 c6 20. Rcd4 Qe7 21. Qd2 Qg5 22. g3 Rde8 23. e4 Qxd2 24. R1xd2 Nc7 25. Ba3 1-0


[Site "https://www.chess.com"]

[Event "Early Titled Tuesday Blitz | February 8 2022"]
[White "Manelyuk, Daniil"]
[Black "Perez Gormaz, Matias"]
[WhiteFideId "44173920"]
[BlackFideId "3406342"]
[WhiteElo "2222"]
[BlackElo "2352"]
[Result "0-1"]
[Round "01"]
[TimeControl "180+1"]
[Date "2022.02.08"]
[WhiteClock "0:00:01"]
[BlackClock "0:00:03"]

1. e4 c5 2. Nf3 d6 3. d4 cxd4 4. Nxd4 Nf6 5. Nc3 a6 6. f3 e5 7. Nb3 Be6 8. Be3 Be7 9. Qd2 h5 10. Be2 Nbd7 11. Nd5 Bxd5 12. exd5 Qc7 13. Na5 e4 14. f4 Ng4 15. Bxg4 hxg4 16. c4 Bh4+ 17. Ke2 Bf6 18. Rab1 Nc5 19. Bxc5 Qxc5 20. b4 Qc8 21. Qe3 O-O 22. Qb6 g3 23. h3 Qf5 24. Qe3 Rac8 25. Rbc1 Rc7 26. Rhd1 Rfc8 27. c5 dxc5 28. bxc5 g6 29. c6 bxc6 30. Nxc6 Kg7 31. Rc4 Re8 32. d6 Rd7 33. Nd4 Qd5 34. Rcc1 Qh5+ 35. Kf1 Red8 36. Rc6 Kh7 37. Rc7 Qxd1+ 0-1


[Site "https://www.chess.com"]

[Event "Early Titled Tuesday Blitz | February 8 2022"]
[White "Manukian, Artak"]
[Black "Svane, Frederik"]
[WhiteFideId "13301373"]
[BlackFideId "12923044"]
[WhiteElo "2432"]
[BlackElo "2459"]
[Result "0-1"]
[Round "01"]
[TimeControl "180+1"]
[Date "2022.02.08"]
[WhiteClock "0:01:05"]
[BlackClock "0:01:09"]

1. e4 c5 2. Nf3 Nc6 3. c3 e5 4. Bc4 Nf6 5. Ng5 d5 6. exd5 Nxd5 7. Qf3 Qxg5 8. Bxd5 Qg6 9. O-O Be7 10. Qg3 O-O 11. Qxg6 hxg6 12. d3 Rd8 13. Bxc6 bxc6 14. Be3 Bf5 15. Nd2 Bxd3 16. Rfe1 Rab8 17. b3 a5 18. f3 Kf8 19. Ne4 Bxe4 20. fxe4 Rd3 21. Rac1 c4 22. bxc4 Rb2 23. Rcd1 Rxe3 24. Rxe3 Bc5 25. Re1 Rxa2 26. Kf1 Bxe3 27. Rxe3 a4 28. Rd3 Ke7 29. c5 a3 30. c4 f5 31. exf5 gxf5 32. h4 e4 33. Re3 Kf6 34. g3 Ke5 35. Rb3 Kd4 36. Rb7 Rb2 0-1


[Site "https://www.chess.com"]

[Event "Early Titled Tuesday Blitz | February 8 2022"]
[White "Manukyan, Artyom"]
[Black "Haukenfrers, Dale"]
[WhiteFideId "13305786"]
[BlackFideId "2603780"]
[WhiteElo "2034"]
[BlackElo "1985"]
[Result "1-0"]
[Round "01"]
[TimeControl "180+1"]
[Date "2022.02.08"]
[WhiteClock "0:00:49"]
[BlackClock "0:01:23"]

1. d4 d6 2. Nf3 c6 3. Bf4 Qb6 4. Qc1 Bg4 5. Nbd2 Nd7 6. h3 Bxf3 7. Nxf3 f6 8. e3 e5 9. Bh2 Ne7 10. c4 Nf5 11. Qd2 O-O-O 12. Be2 e4 13. Ng1 d5 14. c5 Nxc5 15. dxc5 Bxc5 16. a3 Nxe3 17. fxe3 Bxe3 18. Qb4 Bf2+ 19. Kf1 Qe3 20. Bg4+ f5 21. Bxf5+ Rd7 22. Bxd7+ Kd8 23. Qd6 Bg3 24. Bxg3 Rf8+ 25. Qxf8+ Kxd7 26. Qd6+ Ke8 27. Ne2 Qxg3 28. Qe6+ Kd8 29. Nxg3 Kc7 30. Nxe4 dxe4 31. Rd1 h5 32. Rd7+ Kb6 33. Qb3+ Kc5 34. Qb4# 1-0


[Site "https://www.chess.com"]

[Event "Early Titled Tuesday Blitz | February 8 2022"]
[White "Manukyan, Sargis A."]
[Black "Navara, David"]
[WhiteFideId "13303970"]
[BlackFideId "309095"]
[WhiteElo "2187"]
[BlackElo "2686"]
[Result "0-1"]
[Round "01"]
[TimeControl "180+1"]
[Date "2022.02.08"]
[WhiteClock "0:00:06"]
[BlackClock "0:00:03"]

1. d4 Nf6 2. e3 d5 3. Nf3 c5 4. Be2 Nc6 5. O-O cxd4 6. exd4 Bg4 7. b3 e6 8. Bb2 Bd6 9. Nbd2 O-O 10. Ne5 Bxe2 11. Qxe2 Rc8 12. Nxc6 Rxc6 13. c4 Bf4 14. Nf3 dxc4 15. bxc4 Qc7 16. d5 exd5 17. Bxf6 Rxf6 18. cxd5 Qd7 19. Rfd1 Re8 20. Qc4 Bd6 21. Rd3 Qf5 22. Rad1 h6 23. h3 b6 24. Qa4 Re2 25. R3d2 Rxd2 26. Rxd2 Rg6 27. Kh1 Kh7 28. Qc2 Qxc2 29. Rxc2 Bc5 30. Kg1 Rd6 31. Rd2 f6 32. Kf1 b5 33. Rd3 a5 34. Ke2 b4 35. Nd2 Ra6 36. Ne4 Bd6 37. g4 Kg6 38. Ke3 f5 39. Nd2 a4 40. f4 Bc5+ 41. Ke2 b3 42. axb3 a3 43. b4 a2 44. Nb3 Bxb4 45. d6 Bxd6 46. Rd1 Bxf4 47. Rf1 Be5 48. gxf5+ Kf6 49. Nc5 a1=Q 50. Nd7+ Ke7 51. f6+ Bxf6 52. Rxa1 Bxa1 53. Nc5 Re6+ 54. Ne4 Rxe4+ 0-1


[Site "https://www.chess.com"]

[Event "Early Titled Tuesday Blitz | February 8 2022"]
[White "Martinez Alcantara, Jose Eduardo"]
[Black "Hua, Lefong"]
[WhiteFideId "3805662"]
[BlackFideId "2602253"]
[WhiteElo "2690"]
[BlackElo "2531"]
[Result "1-0"]
[Round "01"]
[TimeControl "180+1"]
[Date "2022.02.08"]
[WhiteClock "0:00:36"]
[BlackClock "0:00:37"]

1. e4 c5 2. Nf3 g6 3. d4 cxd4 4. Nxd4 Bg7 5. c4 Nc6 6. Be3 Nf6 7. Nc3 Ng4 8. Qxg4 Nxd4 9. Qd1 e5 10. Bd3 O-O 11. O-O d6 12. b3 Be6 13. Qd2 a6 14. Rad1 Rc8 15. Ne2 Nxe2+ 16. Bxe2 Rc6 17. a4 Qd7 18. Kh1 f5 19. exf5 gxf5 20. f4 Qf7 21. Bf3 e4 22. Be2 Rd8 23. g4 d5 24. gxf5 Qxf5 25. Rg1 Bf7 26. Rg5 Qh3 27. cxd5 Rg6 28. Rdg1 Bf6 29. R5g3 Qf5 30. d6 Bxb3 31. Qb4 Bd5 32. Rxg6+ hxg6 33. Bg4 1-0


[Site "https://www.chess.com"]

[Event "Early Titled Tuesday Blitz | February 8 2022"]
[White "Martinez Lopez, David"]
[Black "Mirzoev, Azer"]
[WhiteFideId "22235779"]
[BlackFideId "13400304"]
[WhiteElo "2367"]
[BlackElo "2525"]
[Result "1-0"]
[Round "01"]
[TimeControl "180+1"]
[Date "2022.02.08"]
[WhiteClock "0:00:07"]
[BlackClock "0:00:08"]

1. e4 Nf6 2. e5 Nd5 3. d4 d6 4. Nf3 dxe5 5. Nxe5 c6 6. Be2 Nd7 7. Nf3 N7f6 8. O-O Bg4 9. c4 Nb6 10. b3 e6 11. Nbd2 Be7 12. Bb2 O-O 13. Re1 Nbd7 14. h3 Bh5 15. Nf1 Qc7 16. Ng3 Bg6 17. Bd3 Rfe8 18. Bxg6 hxg6 19. Qd2 a5 20. a3 Bf8 21. Ne5 Nxe5 22. dxe5 Nd7 23. Qf4 Nc5 24. Ne4 Nd3 25. Qh4 Be7 26. Nf6+ gxf6 27. exf6 Nxb2 28. fxe7 Qxe7 29. Qd4 Nxc4 30. bxc4 Red8 31. Qc3 Rd7 32. Re3 Qc5 33. Re4 Rad8 34. Rae1 Rd3 35. Qf6 Qf5 36. Qh4 Rd1 37. Rxd1 Rxd1+ 38. Kh2 Kg7 39. Rf4 Qe5 40. Qg3 Qa1 41. Qf3 Rh1+ 42. Kg3 Qe5 43. Kg4 Qh5+ 44. Kg3 1-0


[Site "https://www.chess.com"]

[Event "Early Titled Tuesday Blitz | February 8 2022"]
[White "Martinovici, Ilia"]
[Black "Mayaud, Raphael"]
[WhiteFideId "13907034"]
[BlackFideId "627151"]
[WhiteElo "2303"]
[BlackElo "2191"]
[Result "1-0"]
[Round "01"]
[TimeControl "180+1"]
[Date "2022.02.08"]
[WhiteClock "0:00:09"]
[BlackClock "0:00:02"]

1. d4 Nf6 2. c4 c5 3. d5 b5 4. Nd2 e6 5. e4 bxc4 6. dxe6 fxe6 7. e5 Nd5 8. Nxc4 Be7 9. Qh5+ g6 10. Qh6 Bf8 11. Qh3 Qc7 12. Bd3 Kf7 13. Nf3 Be7 14. Ng5+ Bxg5 15. Nd6+ Kg8 16. Bxg5 Nc6 17. f4 Ba6 18. O-O Bxd3 19. Qxd3 Kg7 20. f5 gxf5 21. Rxf5 exf5 22. Qxd5 Rhf8 23. Bf6+ Kg6 24. Rf1 Nd4 25. g4 h6 26. gxf5+ Kh7 27. Be7 Rg8+ 28. Kh1 Qc6 29. Qxc6 Nxc6 30. f6 Nxe5 31. f7 Nxf7 32. Rxf7+ Rg7 33. Rxg7+ Kxg7 34. Ne4 c4 35. Nc3 Re8 36. Bc5 Re1+ 37. Kg2 d5 38. Bxa7 1-0


[Site "https://www.chess.com"]

[Event "Early Titled Tuesday Blitz | February 8 2022"]
[White "Martirosyan, Haik M."]
[Black "Brunner, Nicolas"]
[WhiteFideId "13306553"]
[BlackFideId "620246"]
[WhiteElo "2735"]
[BlackElo "2372"]
[Result "1-0"]
[Round "01"]
[TimeControl "180+1"]
[Date "2022.02.08"]
[WhiteClock "0:01:54"]
[BlackClock "0:01:02"]

1. c4 c5 2. Nc3 Nc6 3. g3 g6 4. Bg2 Bg7 5. d3 d6 6. Nf3 e5 7. O-O Nge7 8. a3 O-O 9. Rb1 a5 10. Ne1 Be6 11. Nd5 Rb8 12. Bd2 b5 13. Nxe7+ Nxe7 14. cxb5 Rxb5 15. Bc3 Bb3 16. Qc1 a4 17. Nf3 Nf5 18. e3 Qb6 19. Nd2 Rb8 20. Nxb3 Rxb3 21. Bd5 Rb5 22. Bc4 h5 23. Qc2 Rb3 24. Bxb3 axb3 25. Qe2 Qc6 26. Rbc1 h4 27. e4 Nd4 28. Bxd4 exd4 29. gxh4 Qd7 30. h5 g5 31. f4 gxf4 32. Rxf4 Bh6 33. Rg4+ Kh8 34. Rf1 Be3+ 35. Kh1 Qe6 36. Qf3 Rb7 37. Qg3 Qh6 38. e5 d5 39. Rf6 Qxh5 40. Rg8+ 1-0


[Site "https://www.chess.com"]